 Dungeon Crawl Stone Soup version 0.18.1-47-g9310371 (webtiles) character file.

26 Jerry the Sneak (level 2, 0/20 HPs)
             Began as a Vampire Enchanter on June 13, 2016.
             Slain by an adder (2 damage)
             ... on level 2 of the Dungeon.
             The game lasted 00:02:19 (1145 turns).

Jerry the Sneak (Vampire Enchanter)                 Turns: 1145, Time: 00:02:20

Health: 0/20       AC:  3    Str: 12    XL:     2   Next: 89%
Magic:  5/5        EV: 12    Int: 17    God:
Gold:   104        SH:  0    Dex: 14    Spells: 1 memorised, 4 levels left

rFire  . . .     SeeInvis +     a - +1 dagger
rCold  . . .     Gourm    .     b - +1 robe
rNeg   + . .     Faith    .     (no shield)
rPois  .         Spirit   .     (no helmet)
rElec  .         Dismiss  .     (no cloak)
rCorr  .         Reflect  .     (no gloves)
SustAt .         Harm     .     (no boots)
MR     .....                    (no amulet)
Stlth  +++.......               (no ring)
                                (no ring)

@: mighty, not resistant to hostile enchantments, fairly stealthy
A: fangs 3, see invisible, unbreathing
a: no special abilities


You were on level 2 of the Dungeon.
You were not thirsty.

You visited 1 branch of the dungeon, and saw 2 of its levels.

You collected 104 gold pieces.

Inventory:

Hand Weapons
 a - a +1 dagger (weapon)
Armour
 b - a +1 robe (worn)
Scrolls
 e - a scroll of fog {unknown}
 f - a scroll of teleportation {unknown}
 g - a scroll of fear {unknown}
 h - a scroll of amnesia {unknown}
 j - a scroll of enchant armour {unknown}
 l - a scroll of remove curse {unknown}
Potions
 d - 2 potions of blood
 k - a potion of curing {unknown}
Books
 c - a book of Maledictions

   Spells                             Type                      Level
   a - Corona                         Hexes                        1
   b - Ensorcelled Hibernation        Hexes/Ice                    2
   c - Confuse                        Hexes                        3
   d - Tukima's Dance                 Hexes                        3
   e - Dazzling Spray                 Conjuration/Hexes            3


   Skills:
 + Level 0.3 Fighting
 + Level 1.2 Short Blades
 - Level 2.1 Dodging
 + Level 5.3 Stealth
 - Level 2.0 Spellcasting
 + Level 5.2 Hexes


You had 4 spell levels left.
You knew the following spells:

 Your Spells              Type           Power        Failure   Level  Hunger
a - Corona                Hex            ###....      2%          1    #......


Dungeon Overview and Level Annotations

Branches:
Dungeon (2/15)

Altars:


Innate Abilities, Weirdness & Mutations

You have razor-sharp teeth.
You have supernaturally acute eyesight.
You can survive without breathing.


Message History

You miss the adder.
The adder is moderately wounded.
The bat completely misses you. The bat hits you.
The adder completely misses you.
You barely miss the adder.
The adder is moderately wounded.
The bat hits you but does no damage. The adder bites you. The worm bites you!
Ouch! That really hurt!
* * * LOW HITPOINT WARNING * * *
You are too injured to fight recklessly!
You are too injured to fight recklessly!
The bat barely misses you. The bat hits you.
* * * LOW HITPOINT WARNING * * *
The bat closely misses you. The adder barely misses you.
There is a large open door here.
Drink which item? (? for menu, Esc to quit)
It was a potion of might.
You feel very mighty all of a sudden. The bat barely misses you.
The adder bites you.
You die...

#### +### #.. ...
#.# ..# ###.#♣..♣#.#
#.'...$(...+ #######
#.@bw.%....+ ......#
#.#S#♣..♣#.# ......#
#.#.# .#
......#########.#..
..
................####
## ......###########
.....†.........
......#######%.
......########


You could see a worm, an adder and a bat.

Vanquished Creatures
  An adder (D:2)
  2 ball pythons
  4 bats
  A giant cockroach (D:1)
  A goblin (D:1)
  A hobgoblin (D:1)
  A giant newt (D:1)
  5 kobolds
  2 rats (D:1)
18 creatures vanquished.

Vanquished Creatures (others)
  4 toadstools (D:1)
4 creatures vanquished.

Grand Total: 22 creatures vanquished

Notes
Turn   | Place    | Note
--------------------------------------------------------------
     0 | D:1      | Jerry the Vampire Enchanter began the quest for the Orb.
     0 | D:1      | Reached XP level 1. HP: 13/13 MP: 3/3
   570 | D:1      | Reached XP level 2. HP: 19/19 MP: 5/5
   959 | D:2      | Reached skill level 5 in Hexes
   999 | D:2      | Reached skill level 5 in Stealth
  1145 | D:2      | Slain by an adder

Skill      XL: |  1  2 |
---------------+-------+-----
Hexes          | 5 |  5.2
Stealth        | 5 |  5.3
Fighting       | |  0.3
Short Blades   | |  1.2
Dodging        | |  2.1
Spellcasting   | |  2.0

Action                   || total
-------------------------++-------
Melee: Dagger            ||    77
       Bite              ||     4
 Cast: Corona            ||     1
  Use: Potion            ||     1
 Stab: Sleeping          ||     7
  Eat: Corpse            ||     1
Armor: Robe              ||    34
Dodge: Dodged            ||    58
